 Dungeon Crawl Stone Soup version 0.28.0-53-g5a82cb258f (webtiles) character file.

Game seed: 18011898999461656909

918 jiml777 the Gusty (level 8, -1/57 HPs)
             Began as a Gnoll Air Elementalist on July 21, 2022.
             Was an Initiate of Ashenzari.
             Shot with an arrow by a centaur (11 damage)
             ... on level 5 of the Dungeon.
             The game lasted 00:26:05 (6467 turns).

jiml777 the Gusty (Gnoll Air Elementalist)          Turns: 6467, Time: 00:26:07

Health: -1/57      AC:  3    Str:  7    XL:     8   Next: 9%
Magic:  12/16      EV: 14    Int: 18    God:    Ashenzari [......]
Gold:   201        SH:  0    Dex: 12    Spells: 8/18 levels left

rFire   . . .      SeeInvis .   f - +0 dagger
rCold   . . .      Faith    .   (no shield)
rNeg    . . .      Spirit   .   a - +0 robe
rPois   .          Reflect  .   (no helmet)
rElec   .          Harm     .   q - scarf {+Inv}
rCorr   .          Rampage  .   (no gloves)
Will    +....                   t - +0 pair of boots
Stlth   +++.......              o - amulet of magic regeneration
HPRegen 0.19/turn               g - ring of willpower
MPRegen 0.55/turn               (no ring)

@: no status effects
A: fangs 1, strong nose, distributed training
a: Renounce Religion, Evoke Invisibility


You were on level 5 of the Dungeon.
You worshipped Ashenzari.
Ashenzari was noncommittal.
You visited 2 branches of the dungeon, and saw 6 of its levels.

You collected 213 gold pieces.
You spent 12 gold pieces at shops.

Inventory:

Hand Weapons
 b - a +0 hand axe
 f - a +0 dagger (weapon)
 s - a +4 vorpal spear
Missiles
 i - 87 stones
 l - 37 sling bullets
 r - 63 arrows
 w - 2 atropa-tipped darts
Armour
 a - a +0 robe (worn)
 c - a +0 leather armour
 q - a scarf of invisibility (worn)
 t - a +0 pair of boots (worn)
Jewellery
 g - a ring of willpower (left hand)
 o - an amulet of magic regeneration (around neck)
Scrolls
 e - 4 scrolls of teleportation
 h - a scroll of noise {unknown}
 j - a scroll of fear {unknown}
 k - a scroll of holy word
 m - a scroll of blinking {unknown}
 n - a scroll of enchant weapon {unknown}
 u - 2 scrolls of magic mapping {unknown}
 x - 2 scrolls of identify {unknown}
Potions
 d - 2 potions of lignification
 p - a potion of might
 v - a potion of magic


   Skills:
 + Level 2.9 Fighting
 + Level 2.9 Short Blades
 + Level 2.9 Long Blades
 + Level 2.9 Axes
 + Level 2.9 Maces & Flails
 + Level 2.9 Polearms
 + Level 2.9 Staves
 + Level 2.9 Slings
 + Level 2.9 Bows
 + Level 2.9 Crossbows
 + Level 2.9 Throwing
 + Level 2.9 Armour
 + Level 5.5 Dodging
 + Level 5.1 Stealth
 + Level 2.9 Shields
 + Level 2.9 Unarmed Combat
 + Level 5.8 Spellcasting
 + Level 3.2 Conjurations
 + Level 2.3 Hexes
 + Level 2.3 Summonings
 + Level 2.3 Necromancy
 + Level 2.3 Translocations
 + Level 2.3 Transmutations
 + Level 2.3 Fire Magic
 + Level 2.3 Ice Magic
 + Level 6.0 Air Magic
 + Level 2.3 Earth Magic
 + Level 2.3 Poison Magic
 + Level 3.2 Invocations
 + Level 2.9 Evocations


You had 8 spell levels left.
You knew the following spells:

 Your Spells              Type           Power      Damage    Failure   Level
a - Shock                 Conj/Air       88%        1d8       1%          1
b - Static Discharge      Conj/Air       22%        N/A       2%          2
c - Swiftness             Air            27%        N/A       3%          3
d - Airstrike             Air            13%        N/A       10%         4

Your spell library contained the following spells:

 Spells                   Type           Power      Damage    Failure   Level
 Portal Projectile        Hex/Tloc       26%        N/A       14%         3
 Blade Hands              Tmut           6%         N/A       77%         5
 Excruciating Wounds      Necr           6%         N/A       77%         5


Dungeon Overview and Level Annotations

Branches:
Dungeon (5/15)             Temple (1/1) D:4

Altars:
Ashenzari
Cheibriados
Dithmenos
Elyvilon
Fedhas
Hepliaklqana
Kikubaaqudgha
Makhleb
Nemelex Xobeh
Okawaru
Ru
Sif Muna
Trog
Uskayaw
Vehumet
Xom
Yredelemnul
Zin
The Shining One

Shops:
D:1 !


Innate Abilities, Weirdness & Mutations

You have very sharp teeth.
Your uncanny sense of smell can sniff out nearby items.
Your experience applies equally to all skills.


Message History

You hit the iguana but do no damage.
The iguana is almost dead.
The iguana misses you.
You puncture the iguana!
You kill the iguana!
You start resting.
HP restored.
You start waiting.
Done waiting.
A centaur comes into view.
f - a +0 dagger (weapon)
The centaur shouts!
The centaur wields a +0 shortbow.
The centaur shoots an arrow.
The arrow hits you!
The centaur shoots an arrow.
The arrow barely misses you.
The centaur shoots an arrow.
The arrow misses you.
The centaur shoots an arrow.
The arrow barely misses you.
The centaur shoots an arrow.
The arrow closely misses you.
The centaur shoots an arrow.
The arrow hits you.
The centaur shoots an arrow.
The arrow misses you.
There is an open door here.
You open the door.
There is an open door here.
The centaur shoots an arrow.
The arrow hits you!
The centaur shoots an arrow.
The arrow hits you!
You open the door.
Found 12 gold pieces.
The centaur shoots an arrow.
The arrow hits you!
* * * LOW HITPOINT WARNING * * *
The centaur shoots an arrow.
The arrow hits you!
* * * LOW HITPOINT WARNING * * *
There is an open door here.
You see here 12 gold pieces.
Casting: Airstrike (dangerous; 10% risk of failure)
Confirm with . or Enter, or press ? or * to list all spells.
Aiming: Airstrike (dangerous; 10% risk of failure)
Press: ? - help, Dir - move target, f - centaur
Aim: a centaur, wielding a +0 shortbow and quivering arrows (empty space bonus: 4/8)
The air twists around and strikes the centaur!
The centaur is heavily wounded.
The centaur shoots an arrow.
The arrow hits you!
You die...

#..c..............# ##
#.#######c#######.#####.
#.# #....... #####c#
#....... #...'.+
#......# #c###.#
#.....## #.# #.#
#..##.#. ∆ ###c###.###+#
#....##. +....@.......
+....#.. ###+###.###+#
#....#.. #.# #....#.. .#
#....#.. #....#..
#....#.. #....#..
####....#.. ........#..


You could see a centaur.

Vanquished Creatures
  Grinder (D:5)
  A water moccasin (D:5)
  A black bear (D:4)
  A phantom (D:4)
  A jelly (D:4)
  2 centaur skeletons (D:5)
  A hound (D:3)
  2 orc priests
  A gnoll shaman (D:5)
  3 iguanas
  4 gnolls (D:5)
  2 adders
  2 worms
  A dart slug (D:1)
  5 orcs
  6 ball pythons
  8 endoplasms
  4 giant cockroaches
  4 goblins
  8 hobgoblins
  4 jackals (D:1)
  6 kobolds
  3 quokkas
  6 bats
  3 frilled lizards (D:2)
  4 rats
84 creatures vanquished.

Vanquished Creatures (others)
  A demonic plant (D:2)
1 creature vanquished.

Grand Total: 85 creatures vanquished

Notes
Turn   | Place    | Note
-------+----------+-------------------------------------------
     0 | D:1      | jiml777 the Gnoll Air Elementalist began the quest for the
                  | Orb.
     0 | D:1      | Reached XP level 1. HP: 13/13 MP: 6/6
    37 | D:1      | You fall into a shaft and drop 1 floor!
   176 | D:1      | Reached XP level 2. HP: 19/19 MP: 7/7
   530 | D:1      | Found Siucireu's Distillery.
   546 | D:1      | Bought a potion of degeneration for 12 gold pieces
   634 | D:1      | Reached XP level 3. HP: 25/25 MP: 6/9
   729 | D:1      | Reached skill level 5 in Spellcasting
  1271 | D:1      | Reached skill level 1 in Invocations
  1911 | D:2      | Reached skill level 1 in Fighting
  1911 | D:2      | Reached skill level 1 in Short Blades
  1911 | D:2      | Reached skill level 1 in Long Blades
  1911 | D:2      | Reached skill level 1 in Axes
  1911 | D:2      | Reached skill level 1 in Maces & Flails
  1911 | D:2      | Reached skill level 1 in Polearms
  1911 | D:2      | Reached skill level 1 in Staves
  1911 | D:2      | Reached skill level 1 in Slings
  1911 | D:2      | Reached skill level 1 in Bows
  1911 | D:2      | Reached skill level 1 in Crossbows
  1911 | D:2      | Reached skill level 1 in Throwing
  1911 | D:2      | Reached skill level 1 in Armour
  1911 | D:2      | Reached skill level 1 in Shields
  1911 | D:2      | Reached skill level 1 in Unarmed Combat
  1911 | D:2      | Reached skill level 1 in Evocations
  1966 | D:2      | Reached XP level 4. HP: 32/32 MP: 8/11
  2321 | D:2      | Found a faded altar of an unknown god.
  2844 | D:3      | Reached skill level 1 in Hexes
  2844 | D:3      | Reached skill level 1 in Summonings
  2844 | D:3      | Reached skill level 1 in Necromancy
  2844 | D:3      | Reached skill level 1 in Translocations
  2844 | D:3      | Reached skill level 1 in Transmutations
  2844 | D:3      | Reached skill level 1 in Fire Magic
  2844 | D:3      | Reached skill level 1 in Ice Magic
  2844 | D:3      | Reached skill level 1 in Earth Magic
  2844 | D:3      | Reached skill level 1 in Poison Magic
  2844 | D:3      | Reached XP level 5. HP: 30/37 MP: 9/12
  3662 | D:4      | Learned a level 2 spell: Static Discharge
  3666 | D:4      | Learned a level 3 spell: Swiftness
  3671 | D:4      | Learned a level 4 spell: Airstrike
  3685 | D:4      | Found a staircase to the Ecumenical Temple.
  3708 | Temple   | Entered the Ecumenical Temple
  4041 | D:4      | Noticed a phantom
  4051 | D:4      | Noticed a black bear
  4057 | D:4      | Killed a phantom
  4058 | D:4      | Reached skill level 5 in Dodging
  4058 | D:4      | Reached XP level 6. HP: 44/44 MP: 14/14
  4069 | D:4      | Killed a black bear
  4673 | D:5      | Entered Level 5 of the Dungeon
  4673 | D:5      | Noticed a water moccasin
  4697 | D:5      | Killed a water moccasin
  4698 | D:5      | Reached XP level 7. HP: 22/51 MP: 15/15
  5110 | D:5      | Found a broken altar of Ashenzari.
  5114 | D:5      | Became a worshipper of Ashenzari the Shackled
  5116 | D:5      | Noticed Grinder
  5579 | D:5      | HP: 2/51 [acid (8)]
  5893 | D:5      | Reached skill level 5 in Stealth
  5964 | D:5      | Killed Grinder
  5965 | D:5      | Reached skill level 6 in Air Magic
  5965 | D:5      | Reached XP level 8. HP: 53/57 MP: 2/16
  6467 | D:5      | Shot with an arrow by a centaur

Illustrated notes

Levels and vault maps discovered:
D:1:      kennysheep_arrival_seaside, layout_basic, serial_shops,
          nicolae_shop_behind_doors, minivault_11
D:2:      layout_rooms, dreamdust_ecumenical_altar_sealed_demon
D:3:      layout_basic
D:4:      layout_basic, minmay_temple_entry_proselytizer
D:5:      layout_gridville, nicolae_ashenzari_skybound, serial_shops, shop,
          minmay_door_square, uniq_pikel, uniq_grinder, uniq_edmund
Temple:   regret_index_temple_mists

Skill      XL: |  1  2  3  4  5  6  7 |
---------------+----------------------+-----
Conjurations   | 2 3 |  3.2
Spellcasting   | 5 |  5.8
Invocations    | 1 2 3 |  3.2
Fighting       | 1 2 |  2.9
Short Blades   | 1 2 |  2.9
Long Blades    | 1 2 |  2.9
Axes           | 1 2 |  2.9
Maces & Flails | 1 2 |  2.9
Polearms       | 1 2 |  2.9
Staves         | 1 2 |  2.9
Slings         | 1 2 |  2.9
Bows           | 1 2 |  2.9
Crossbows      | 1 2 |  2.9
Throwing       | 1 2 |  2.9
Armour         | 1 2 |  2.9
Shields        | 1 2 |  2.9
Unarmed Combat | 1 2 |  2.9
Evocations     | 1 2 |  2.9
Hexes          | 1 2 |  2.3
Summonings     | 1 2 |  2.3
Necromancy     | 1 2 |  2.3
Translocations | 1 2 |  2.3
Transmutations | 1 2 |  2.3
Fire Magic     | 1 2 |  2.3
Ice Magic      | 1 2 |  2.3
Earth Magic    | 1 2 |  2.3
Poison Magic   | 1 2 |  2.3
Dodging        | 5 |  5.5
Stealth        | 5 |  5.1
Air Magic      | 6 |  6.0

Action                   |  1- 3 |  4- 6 |  7- 9 || total
-------------------------+-------+-------+-------++-------
Melee: Hand axe          |    66 |       |       ||    66
       Bite              |     7 |    12 |     2 ||    21
       Dagger            |    29 |    81 |       ||   110
       Spear             |       |    82 |    43 ||   125
       Punch             |       |     4 |     3 ||     7
 Cast: Shock             |    28 |    10 |     5 ||    43
       Swiftness         |       |     1 |     1 ||     2
       Airstrike         |       |       |     4 ||     4
  Use: Scroll            |       |     3 |       ||     3
       Potion            |       |     5 |       ||     5
 Stab: Sleeping          |     8 |     7 |       ||    15
       Invisible         |       |     2 |       ||     2
Armor: Robe              |    16 |    18 |     6 ||    40
       Skin              |       |     5 |       ||     5
Dodge: Dodged            |    75 |   111 |    49 ||   235
